 Dungeon Crawl Stone Soup version 0.24-a0-415-g6d73c25c48 (webtiles) character file.

Game seed: 5950640855195709752

95 ohad the Changer (level 4, -2/28 HPs)
             Began as an Octopode Transmuter on June 7, 2019.
             Slain by an orc wizard
             ... wielding a +2 vampiric dagger
              (4 damage)
             ... on level 3 of the Dungeon.
             The game lasted 00:04:49 (2159 turns).

ohad the Changer (Octopode Transmuter)              Turns: 2159, Time: 00:04:50

Health: -2/28      AC:  1    Str:  9    XL:     4   Next: 65%
Magic:  2/8        EV: 13    Int: 16    God:
Gold:   115        SH:  0    Dex: 12    Spells: 2/8 levels left

rFire    . . .     SeeInvis .     - Unarmed
rCold    . . .     Gourm    .   (no shield)
rNeg     . . .     Faith    .   (helmet restricted)
rPois    .         Spirit   .   (no amulet)
rElec    .         Reflect  .   (no ring)
rCorr    .         Harm     .   (no ring)
MR       .....                  (no ring)
Stlth    ++........             (no ring)
HPRegen  0.09/turn              (no ring)
MPRegen  0.11/turn              (no ring)
                                (no ring)
                                (no ring)

@: very slightly contaminated
A: almost no armour, stealthy swim, amphibious, 8 rings, constrict 8, camouflage
1, gelatinous body 1
a: no special abilities


You were on level 3 of the Dungeon.
You were not hungry.

You visited 1 branch of the dungeon, and saw 3 of its levels.

You collected 115 gold pieces.

Inventory:

Missiles
 a - 12 arrows
 g - 7 poisoned darts (quivered)
Jewellery
 e - an uncursed ring of see invisible {unknown}
Scrolls
 b - a scroll of amnesia {unknown}
 d - 2 scrolls of remove curse {unknown}
 f - a scroll of random uselessness {unknown}
 h - 3 scrolls of identify {unknown}
 j - a scroll of fear {unknown}
 l - a scroll of teleportation {unknown}
Potions
 i - a potion of lignification
 m - a potion of curing {unknown}
Comestibles
 c - 5 rations
 k - a chunk of flesh


   Skills:
 - Level 1.0 Fighting
 - Level 2.0 Dodging
 - Level 3.0 Unarmed Combat
 + Level 2.8 Spellcasting
 - Level 4.1 Transmutations


You had 2 spell levels left.
You knew the following spells:

 Your Spells              Type           Power        Failure   Level  Hunger
a - Beastly Appendage     Tmut           ###...       3%          1    #......
b - Sticks to Snakes      Tmut           ###.....     5%          2    ##.....
c - Spider Form           Tmut/Pois      #.........   24%         3    ###....

Your spell library contained the following spells:

 Spells                   Type           Power        Failure   Level  Hunger
 Ice Form                 Ice/Tmut       #.......     63%         4    #####..
 Blade Hands              Tmut           ###.......   67%         5    ######.


Dungeon Overview and Level Annotations

Branches:
Dungeon (3/15)

Altars:

Annotations:
D:2 1 runed translucent door, Crazy Yiuf


Innate Abilities, Weirdness & Mutations

You cannot wear most types of armour.
You are very stealthy in the water. (Stealth+)
You are amphibious.
You can wear up to eight rings at the same time.
You can use your tentacles to constrict eight enemies at once.
Your skin changes colour to match your surroundings (Stealth+).
Your rubbery body absorbs attacks. (AC +1, EV +1)


Message History

The orc wizard casts a spell at you. The magic dart hits you!
* * * LOW HITPOINT WARNING * * *
Unknown command.
You tentacle-slap the orc wizard.
You tentacle-slap the orc wizard, but do no damage.
You squeeze the orc wizard.
The orc wizard is heavily wounded.
You constrict the orc wizard.
The orc wizard hits you with a +2 vampiric dagger.
* * * LOW HITPOINT WARNING * * *
The orc wizard draws strength from your wounds!
The orc wizard hits you with a +2 vampiric dagger.
* * * LOW HITPOINT WARNING * * *
Okay, then.
You tentacle-slap the orc wizard.
The orc wizard is severely wounded.
You constrict the orc wizard.
The orc wizard hits you with a +2 vampiric dagger.
You die...

#.# ... #.##.# #....# ###
.# #....# ..# .# #....#
#.. o. #.#.## # #..## .#
###.#.####.#...# .#
..รท........#...### .# #.#
###..#.###......@##.#.....
#.###..........oo....#
##.#.###.......##.......
##.## ###...### ##.####
#.######...### #
#............####.#
###########.......#
#########


You could see an orc wizard and an orc.

Vanquished Creatures
  4 adders
  An ooze (D:1)
  A worm (D:2)
  2 dart slugs
  A leopard gecko (D:1)
  3 orcs (D:2)
  4 bats
  3 giant cockroaches
  3 goblins
  3 hobgoblins
  5 jackals (D:1)
  2 quokkas (D:2)
  4 frilled lizards
  8 rats
44 creatures vanquished.

Notes
Turn   | Place    | Note
-------+----------+-------------------------------------------
     0 | D:1      | ohad the Octopode Transmuter began the quest for the Orb.
     0 | D:1      | Reached XP level 1. HP: 13/13 MP: 3/3
   129 | D:1      | Reached XP level 2. HP: 16/18 MP: 5/5
   246 | D:1      | Reached skill level 3 in Transmutations
   425 | D:1      | Reached XP level 3. HP: 23/23 MP: 6/6
  1173 | D:2      | Reached XP level 4. HP: 25/28 MP: 5/7
  1207 | D:2      | Reached skill level 4 in Transmutations
  1405 | D:2      | HP: 2/42 [poisoned by an adder]
  1722 | D:2      | Found a runed translucent door.
  1726 | D:2      | Learned a level 2 spell: Sticks to Snakes
  1730 | D:2      | Learned a level 3 spell: Spider Form
  1730 | D:2      | Noticed Crazy Yiuf
  2159 | D:3      | Slain by an orc wizard

Levels and vault maps discovered:
D:1:      erik_arrival_cave_to_civilisation [erik_arrival_cave_to_hall],
          layout_basic
D:2:      layout_rooms, uniq_crazy_yiuf_cottage
D:3:      layout_loops_ring, fedhas_altar_4, first_ration, grunt_qazlal_clouds

Skill      XL: |  1  2  3  4 |
---------------+-------------+-----
Transmutations | 3 4 |  4.1
Fighting       | |  1.0
Dodging        | |  2.0
Unarmed Combat | |  3.0
Spellcasting   | |  2.8

Action                   |  1- 3 |  4- 6 || total
-------------------------+-------+-------++-------
Melee: Unarmed           |    73 |    31 ||   104
       Constrict         |    24 |     7 ||    31
       Tentacles         |    15 |     3 ||    18
       Kick              |     6 |     3 ||     9
       Punch             |       |     1 ||     1
 Cast: Beastly Appendage |     9 |     3 ||    12
  Use: Potion            |       |     2 ||     2
 Stab: Sleeping          |     9 |     5 ||    14
  Eat: Chunk             |     1 |     3 ||     4
Armor: Skin              |    11 |       ||    11
Dodge: Dodged            |    70 |     9 ||    79

Table legend:
 A = Non-vault XP
 B = Vault XP
 C = Vault XP percentage of total XP
 D = Non-vault monster count
 E = Vault monster count
 F = Vault count percentage of total count
                 A         B        C        D         E       F
            +---------+---------+-------+---------+---------+-------
      Total |     136 |       0 |   0.0 |      44 |       0 |   0.0
            +---------+---------+-------+---------+---------+-------
        D:1 |      42 |       0 |   0.0 |      20 |       0 |   0.0
        D:2 |      79 |       0 |   0.0 |      22 |       0 |   0.0
        D:3 |      15 |       0 |   0.0 |       2 |       0 |   0.0
            +---------+---------+-------+---------+---------+-------
